 Dungeon Crawl Stone Soup version 0.24-a0-613-g1ff6aac338 (webtiles) character file.

Game seed: 3253757735420208810, levelgen mode: deterministic

1646 Gynju the Caller (level 8, -5/49 (50) HPs)
             Began as a Tengu Summoner on Sept 11, 2019.
             Slain by a hornet (10 damage)
             ... on level 7 of the Dungeon.
             The game lasted 00:19:34 (11542 turns).

Gynju the Caller (Tengu Summoner)                  Turns: 11542, Time: 00:19:34

HP:   -5/49 (50)    AC:  4    Str:  9    XL:     8   Next: 99%
MP:   10/15         EV: 19    Int: 17    God:
Gold: 293           SH:  0    Dex: 15    Spells: 6/15 levels left

rFire    . . .     SeeInvis +   s - +0 falchion (freeze)
rCold    . . .     Gourm    .   (no shield)
rNeg     . . .     Faith    .   f - +2 robe {MR+}
rPois    .         Spirit   .   (helmet restricted)
rElec    .         Reflect  .   (no cloak)
rCorr    .         Harm     .   (no gloves)
MR       +....                  (boots unavailable)
Stlth    ++........             (no amulet)
HPRegen  0.16/turn              l - ring of see invisible
MPRegen  0.14/turn              (no ring)

@: lethally poisoned (-5 -> -8), flying quickly and evasively, slowed, very slow
A: beak, talons 3, able to fly
a: Stop Flying


You were on level 7 of the Dungeon.
You were hungry.

You visited 2 branches of the dungeon, and saw 8 of its levels.

You collected 293 gold pieces.

Inventory:

Hand Weapons
 s - a +0 falchion of freezing (weapon)
Armour
 b - a +0 shield
 f - a +2 robe of magic resistance (worn)
Jewellery
 l - a ring of see invisible (left hand)
Wands
 m - a wand of disintegration (5)
 t - a wand of polymorph (12)
Scrolls
 a - 4 scrolls of teleportation
 d - 3 scrolls of identify {@r1}
 j - a scroll of fog
 k - a scroll of immolation
 p - 2 scrolls of enchant armour
 q - a scroll of remove curse {@r2}
 v - a scroll of magic mapping {unknown}
Potions
 e - 5 potions of curing {@q1}
 g - 2 potions of heal wounds
 h - a potion of mutation
 i - a potion of agility {unknown}
 n - a potion of brilliance {unknown}
 o - a potion of flight {unknown}
 r - 2 potions of resistance {unknown}
 w - a potion of might {unknown}
Comestibles
 c - 6 rations
 u - 2 chunks of flesh


   Skills:
 + Level 5.5 Fighting
 + Level 6.6 Dodging
 - Level 2.0 Stealth
 - Level 4.1 Shields
 - Level 4.0 Spellcasting
 - Level 1.4 Hexes
 - Level 6.7 Summonings


You had 6 spell levels left.
You knew the following spells:

 Your Spells              Type           Power        Failure   Level  Hunger
a - Summon Small Mammal   Summ           ####         1%          1    None
b - Call Imp              Summ           ####....     1%          2    ##.....
c - Call Canine Familiar  Summ           ####....     3%          3    ###....
d - Summon Guardian Gole  Hex/Summ       ###.....     9%          3    ###....

Your spell library contained the following spells:

 Spells                   Type           Power        Failure   Level  Hunger
 Confusing Touch          Hex            #.....       9%          1    None
 Animate Skeleton         Necr           N/A          16%         1    None
 Apportation              Tloc           #.....       16%         1    None
 Summon Ice Beast         Ice/Summ       ##......     36%         4    ####...
 Summon Lightning Spire   Summ/Air       ##......     36%         4    ####...


Dungeon Overview and Level Annotations

Branches:
Dungeon (7/15)             Temple (1/1) D:4

Altars:
Dithmenos
Elyvilon
Gozag
Kikubaaqudgha
Makhleb
Nemelex Xobeh
Okawaru
Qazlal
Ru
Trog
Uskayaw
Vehumet
Wu Jian
Xom
Yredelemnul
Zin


Innate Abilities, Weirdness & Mutations

You have a beak for a mouth.
You have claws for feet.
You can fly continuously.


Message History

The hornet stings your crimson imp!
Your crimson imp dies!
You feel sick. The hornet closely misses you.
You barely miss the hornet. You claw the hornet, but do no damage.
The hornet is heavily wounded.
You feel sick. The hornet stings you!
You feel as though you will be slow longer.
The hornet stings you.
* * * LOW HITPOINT WARNING * * *
You suddenly lose the ability to move!
The hornet stings you.
* * * LOW HITPOINT WARNING * * *
You feel as though you will be slow longer.
You can move again.
You hit the hornet but do no damage.
The hornet is heavily wounded.
You feel sick. The hornet barely misses you.
You riposte.
You closely miss the hornet. You claw the hornet.
The hornet is severely wounded.
The hornet stings you!
You die...

#### #...
#... #..#
#..##
#...###+#
#.@y....#
#.......##
.....####...#
##..# ##..#
.... ##.#
###.# #.# ..
#.# ... #.##
#..#


You could see a hornet.

Vanquished Creatures
  A sky beast (D:6)
  2 ice beasts (D:5)
  2 bullfrogs
  A scorpion (D:5)
  A bullfrog zombie (D:6)
  2 crimson imps (D:5)
  2 centaur zombies (D:6)
  A quasit (D:5)
  2 hounds
  A gnoll shaman (D:6)
  An orc priest (D:6)
  2 orc wizards (D:5)
  An iguana (D:6)
  4 worker ants (D:4)
  3 adders
  3 gnolls
  A shadow imp (D:5)
  An ooze (D:1)
  An adder skeleton (D:6)
  An adder zombie (D:5)
  2 worms
  A dart slug (D:3)
  A leopard gecko (D:5)
  11 orcs
  4 bats
  4 giant cockroaches
  9 goblins
  6 hobgoblins
  3 jackals (D:1)
  2 quokkas
  2 ball pythons
  3 frilled lizards
  6 kobolds
  6 rats
93 creatures vanquished.

Vanquished Creatures (collateral kills)
  An orc warrior (D:6)
  2 sky beasts (D:5)
  2 phantoms
  A necrophage (D:5)
  2 centaurs (D:5)
  A bullfrog (D:6)
  2 crimson imps
  A hound (D:4)
  A bullfrog skeleton (D:5)
  2 orc priests
  An orc wizard (D:6)
  A centaur skeleton (D:4)
  A worker ant (D:4)
  2 adders
  3 gnolls
  An ooze (D:1)
  An adder skeleton (D:4)
  4 worms
  A dart slug (D:1)
  2 leopard geckos (D:5)
  17 orcs
  2 giant cockroaches
  8 goblins
  2 jackals (D:1)
  7 kobolds
  A quokka (D:4)
  A frilled lizard (D:1)
  A rat (D:1)
71 creatures vanquished.

Grand Total: 164 creatures vanquished

Notes
Turn   | Place    | Note
-------+----------+-------------------------------------------
     0 | D:1      | Gynju the Tengu Summoner began the quest for the Orb.
     0 | D:1      | Reached XP level 1. HP: 10/10 MP: 4/4
    80 | D:1      | Reached skill level 5 in Summonings
   356 | D:1      | Reached XP level 2. HP: 5/15 MP: 3/6
   750 | D:1      | Learned a level 2 spell: Call Imp
   826 | D:1      | Reached XP level 3. HP: 12/19 MP: 2/7
  2176 | D:2      | Reached XP level 4. HP: 17/24 MP: 6/9
  3198 | D:3      | Learned a level 3 spell: Call Canine Familiar
  3202 | D:3      | Learned a level 3 spell: Summon Guardian Golem
  4217 | D:3      | Gained mutation: You can fly continuously. [Tengu growth]
  4217 | D:3      | Reached XP level 5. HP: 28/28 MP: 5/11
  5253 | D:4      | Reached skill level 1 in Hexes
  5311 | D:4      | Reached skill level 1 in Shields
  5341 | D:4      | Found a staircase to the Ecumenical Temple.
  5382 | D:4      | Noticed a phantom
  5391 | Temple   | Entered the Ecumenical Temple
  5699 | D:4      | Killed a phantom
  5699 | D:4      | Reached XP level 6. HP: 20/32 MP: 2/12
  6601 | D:5      | Entered Level 5 of the Dungeon
  7041 | D:5      | Noticed a sky beast
  7052 | D:5      | Killed a sky beast
  7052 | D:5      | Reached skill level 1 in Fighting
  7052 | D:5      | Reached XP level 7. HP: 31/38 MP: 8/14
  8428 | D:5      | Found a radiant altar of Vehumet.
  8429 | D:5      | Found a burning altar of Makhleb.
  8612 | D:5      | Reached XP level 8. HP: 12/45 MP: 13/15
  9684 | D:5      | Reached skill level 5 in Dodging
 10491 | D:6      | Reached skill level 5 in Fighting
 11523 | D:7      | Noticed a hornet
 11541 | D:7      | Paralysed by a hornet for 2 turns
 11542 | D:7      | Slain by a hornet

Levels and vault maps discovered:
D:1:      saegor_arrival_simple_c, layout_basic
D:2:      layout_basic, serial_forest, infiniplex_forest_clump_C,
          infiniplex_forest_clump_C, infiniplex_forest_clump_large,
          infiniplex_forest_lined_2, infiniplex_forest_straight_3
D:3:      layout_basic, first_ration, roderic_lattice_a,
          minmay_goblin_kobold_house
D:4:      layout_cave_pools, minmay_temple_entry_water_ring,
          hangedman_abyss_or_decor_passed, roderic_roman_lattice, wad_orctagon
D:5:      layout_loops_ring, grunt_temple_overflow_lords_of_destruction,
          serial_bayou_pond_c
D:6:      layout_rooms, serial_co_window_serial, co_window_paths_a,
          co_window_cross_1, co_window_paths_a, co_window_paths_a,
          co_window_cross_1, co_window_paths_c, co_window_paths_c,
          co_window_corner_b, grunt_decor_fettered, kennysheep_generic_room_3
D:7:      minmay_slanted_spiral_squares, layout_layer_cave, serial_shops,
          kennysheep_little_box, ebering_ghost_rock_garden
Temple:   minmay_temple_curvy_branch

Skill      XL: |  1  2  3  4  5  6  7  8 |
---------------+-------------------------+-----
Summonings     | 5 6 |  6.7
Spellcasting   | 3 4 |  4.0
Hexes          | 1 |  1.4
Shields        | 1 3 4 |  4.1
Fighting       | 1 3 5 |  5.5
Dodging        | 4 6 |  6.6
Stealth        | |  2.0

Action                   |  1- 3 |  4- 6 |  7- 9 || total
-------------------------+-------+-------+-------++-------
Melee: Dagger            |    52 |       |       ||    52
       Kick              |    21 |    31 |    73 ||   125
       Peck              |    11 |    23 |    38 ||    72
       Hand axe          |    29 |   120 |       ||   149
       Falchion          |       |    12 |   225 ||   237
 Cast: Summon Small Mamm |    23 |     4 |       ||    27
       Call Imp          |     2 |    30 |    27 ||    59
       Call Canine Famil |       |    20 |    23 ||    43
       Summon Guardian G |       |     2 |       ||     2
 Abil: Fly               |       |     1 |       ||     1
  Use: Scroll            |       |     8 |     4 ||    12
 Stab: Sleeping          |     2 |     4 |     2 ||     8
       Distracted        |       |       |     1 ||     1
  Eat: Chunk             |     4 |    14 |     7 ||    25
       Ration            |       |     1 |     3 ||     4
Armor: Robe              |    15 |    27 |    39 ||    81
Dodge: Dodged            |    60 |   109 |   209 ||   378
       Rpst.: Falchion   |       |     6 |    70 ||    76

Table legend:
 A = Non-vault XP
 B = Vault XP
 C = Vault XP percentage of total XP
 D = Non-vault monster count
 E = Vault monster count
 F = Vault count percentage of total count
                 A         B        C        D         E       F
            +---------+---------+-------+---------+---------+-------
      Total |    2281 |      71 |   3.0 |     152 |      12 |   7.3
            +---------+---------+-------+---------+---------+-------
        D:1 |      44 |       0 |   0.0 |      29 |       0 |   0.0
        D:2 |      41 |       0 |   0.0 |      15 |       0 |   0.0
        D:3 |      85 |       8 |   8.6 |      31 |       6 |  16.2
        D:4 |     309 |      10 |   3.1 |      18 |       4 |  18.2
        D:5 |     974 |      50 |   4.9 |      29 |       1 |   3.3
        D:6 |     732 |       3 |   0.4 |      28 |       1 |   3.4
        D:7 |      96 |       0 |   0.0 |       2 |       0 |   0.0
            +---------+---------+-------+---------+---------+-------
